AoeStats
← jphilkill

Black Forest

510306834Analyzed
4v4 RM · 2d ago on Sep 30, 2026· 61m 50s· 8 players
Game mode
Random Map
Map size
Large (8 player)
Population
200
Speed
Normal
Resources
Standard
Victory
Conquest
Starting age
Dark Age
Ending age
Imperial Age
RankedLock teamsTeams togetherTeam positionsShared explorationLock speedFull tech treeHidden civsTurbo modeCheats
Victory
Defeat
🇨🇳 Danes · China
1058
+15
🇬🇧 Turks · United Kingdom
1040
+15
🇩🇪 Ethiopians · Germany
1025
+16
🇩🇪 Celts · Germany
977
+18
🇭🇰 Italians · Hong Kong SAR China
1064
-18
🇹🇼 Celts · Taiwan
1034
-16
🇨🇳 Franks · China
1019
-16
🇨🇳 Bohemians · China
987
-14
hsuan1202
0:31 Loom
13:40 Feudal Age
17:45 Castle Age
15:49 Double-Bit Axe
19:08 Wheelbarrow
18:18 Town Watch
31:21 Town Patrol
31:54 Horse Collar
32:07 Gold Mining
32:07 Stone Mining
36:31 Imperial Age
34:19 Hand Cart
34:16 Heavy Plow
36:13 Gold Shaft Mining
36:13 Stone Shaft Mining
37:52 Furor Celtica
38:17 Hoardings
38:03 Conscription
38:07 Ballistics
37:57 Masonry
38:47 Chemistry
37:45 Heavy Scorpion
39:21 Onager
40:36 Caravan
41:06 Coinage
40:46 Guilds
42:33 Fletching
44:13 Siege Onager
44:25 Elite Woad Raider
47:11 Man-at-Arms
47:44 Gambesons
47:45 Arson
48:16 Forging
48:06 Scale Mail Armor
48:03 Bodkin Arrow
47:46 Long Swordsman
48:25 Two-Handed Swordsman
49:48 Iron Casting
50:39 Chain Mail Armor
52:29 Blast Furnace
52:20 Banking
51:39 Champion
52:22 Pikeman
54:47 Halberdier
让我和Mika一边
12:55 Feudal Age
17:30 Castle Age
16:37 Double-Bit Axe
25:25 Bow Saw
25:08 Stone Mining
26:44 Wheelbarrow
32:31 Imperial Age
30:10 Scale Barding Armor
30:34 Gold Mining
31:19 Chain Barding Armor
33:10 Forging
33:04 Caravan
33:09 Husbandry
32:33 Cavalier
34:26 Chemistry
34:05 Gold Shaft Mining
34:38 Paladin
36:21 Chivalry
36:42 Conscription
38:31 Plate Barding Armor
40:01 Iron Casting
44:27 Blast Furnace
50:15 Scale Mail Armor
51:36 Squires
51:22 Gambesons
50:59 Pikeman
51:25 Arson
51:59 Chain Mail Armor
52:51 Halberdier
53:19 Elite Throwing Axeman
57:20 Plate Mail Armor
B仔
0:58 Loom
12:34 Feudal Age
17:45 Castle Age
17:59 Double-Bit Axe
18:09 Stone Mining
21:02 Wheelbarrow
21:57 Stone Shaft Mining
21:39 Horse Collar
35:36 Imperial Age
33:36 Heavy Plow
34:34 Forging
34:24 Scale Mail Armor
35:12 Bow Saw
35:53 Iron Casting
35:29 Arson
36:34 Chain Mail Armor
36:48 Hand Cart
37:38 Town Watch
39:16 Gold Mining
42:00 Elite Genoese Crossbowman
43:56 Plate Mail Armor
44:53 Crop Rotation
46:26 Chemistry
47:32 Blast Furnace
46:52 Fletching
47:03 Padded Archer Armor
50:02 Two-Man Saw
50:31 Bodkin Arrow
50:51 Leather Archer Armor
51:00 Ballistics
50:20 Treadmill Crane
50:36 Murder Holes
50:52 Fortified Wall
51:35 Caravan
56:29 Conscription
61:03 Town Patrol
60:27 Pikeman
61:07 Squires
Mika_168
10:48 Feudal Age
14:49 Castle Age
12:52 Double-Bit Axe
12:59 Horse Collar
16:01 Bow Saw
24:08 Wheelbarrow
24:24 Heavy Plow
27:45 Chemistry
30:45 Imperial Age
30:12 Wagenburg Tactics
31:03 Houfnice
33:04 Caravan
36:48 Pikeman
37:29 Squires
38:03 Scale Mail Armor
39:15 Chain Mail Armor
39:43 Forging
39:26 Halberdier
43:23 Plate Mail Armor
43:29 Iron Casting
M@xAttacks
1:17 Loom
14:51 Feudal Age
15:53 Double-Bit Axe
15:50 Horse Collar
21:27 Castle Age
23:20 Medium Warships
23:28 Bow Saw
25:08 Crossbowman
26:50 Heavy Plow
26:46 Stone Mining
35:00 Imperial Age
34:04 Gold Mining
34:52 Stone Shaft Mining
34:18 Murder Holes
34:34 Masonry
34:36 Husbandry
34:44 Scale Barding Armor
34:49 Forging
35:10 Clinker Construction
36:45 Wheelbarrow
35:55 Town Watch
37:55 Chemistry
37:16 Ballistics
36:38 Heavy Camel Rider
39:04 Hand Cart
38:49 Town Patrol
39:50 Iron Casting
39:36 Chain Barding Armor
41:10 Heavy Warships
43:04 Conscription
43:05 Devotion
43:37 Architecture
44:03 Town Patrol
44:50 Royal Heirs
44:45 Fletching
45:56 Blast Furnace
44:48 Fletching
44:59 Padded Archer Armor
44:23 Arbalester
45:09 Thumb Ring
46:04 Torsion Engines
47:59 Two-Man Saw
47:02 Caravan
47:58 Bodkin Arrow
48:19 Leather Archer Armor
52:53 Siege Engineers
54:12 Light Cavalry
57:04 Coinage
58:55 Heavy Warships
60:14 Banking
toby
1:23 Loom
12:20 Feudal Age
19:13 Castle Age
17:09 Double-Bit Axe
21:04 Horse Collar
24:34 Wheelbarrow
25:41 Gold Mining
26:04 Heavy Plow
26:16 Bow Saw
27:47 Fishing Lines
32:37 Imperial Age
30:38 Fortified Wall
30:48 Ballistics
30:58 Padded Archer Armor
31:09 Forging
31:04 Scale Barding Armor
32:19 Hand Cart
31:50 Town Watch
34:31 Husbandry
34:41 Bloodlines
35:40 Conscription
37:46 Artillery
37:24 Elite Janissary
38:59 Town Patrol
40:11 Iron Casting
39:56 Chain Barding Armor
39:52 Leather Archer Armor
41:26 Gillnets
44:22 Heavy Camel Rider
47:20 Blast Furnace
46:56 Plate Barding Armor
46:52 Ring Archer Armor
59:29 Scale Mail Armor
994327805
7:54 Loom
13:05 Feudal Age
17:47 Castle Age
15:53 Double-Bit Axe
15:50 Horse Collar
16:04 Gold Mining
16:17 Scale Mail Armor
16:28 Forging
16:30 Arson
17:38 Forging
19:19 Chain Mail Armor
20:26 Squires
26:51 Wheelbarrow
28:20 Iron Casting
30:16 Gold Shaft Mining
29:32 Stone Mining
34:28 Imperial Age
32:27 Bow Saw
32:18 Heavy Plow
32:59 Stone Shaft Mining
32:40 Town Watch
34:44 Hand Cart
36:06 Plate Mail Armor
36:36 Blast Furnace
36:27 Conscription
35:29 Hamask
35:56 Elite Varangian Guard
37:34 Onager
40:51 Siege Engineers
41:12 Siege Onager
43:36 Chemistry
44:01 Northmen's Fury
44:46 Town Patrol
44:59 Masonry
44:37 Capped Ram
49:38 Hoardings
51:38 Man-at-Arms
52:21 Long Swordsman
52:47 Gambesons
52:50 Elite Jomsviking
53:44 Two-Handed Swordsman
55:48 Champion
58:10 Siege Ram
jphilkill
0:52 Loom
13:38 Feudal Age
15:33 Wheelbarrow
19:00 Castle Age
17:58 Gold Mining
18:25 Double-Bit Axe
18:24 Horse Collar
19:17 Stone Mining
20:29 Hand Cart
20:41 Heavy Plow
21:01 Bow Saw
23:12 Fishing Lines
25:23 Caravan
28:02 Gillnets
31:10 Pikeman
32:33 Husbandry
32:52 Forging
32:42 Scale Mail Armor
32:48 Scale Barding Armor
34:32 Gold Shaft Mining
34:34 Stone Shaft Mining
34:41 Fletching
34:52 Padded Archer Armor
34:13 Elite Skirmisher
37:05 Chain Barding Armor
40:15 Imperial Age
39:26 Chain Mail Armor
41:18 Siege Engineers
41:26 Fortified Wall
41:12 Murder Holes
41:23 Siege Engineers
40:41 Halberdier
41:44 Conscription
42:57 Plate Mail Armor
42:25 Cavalier
42:43 Capped Ram
44:25 Chemistry
43:46 Ballistics
44:02 Iron Casting
50:08 Light Cavalry
51:50 Blast Furnace
51:00 Hussar
Connection lost

Rejoining the realm…

Still unreachable

The connection could not be restored.

Session expired

The server has moved on; the page needs a fresh start.